 Dungeon Crawl Stone Soup version bcrawl-1.21.2-20-g6d45ba5942 (webtiles) character file.

Game seed: 5340944934966816534

125 BeastOfSaturn the Shooter (level 5, -3/29 HPs)
             Began as a Vine Stalker Arcane Marksman on Feb 29, 2020.
             Slain by a worker ant (6 damage)
             ... on level 4 of the Dungeon.
             The game lasted 00:11:00 (2010 turns).

BeastOfSaturn the Shooter (VSAM)                    Turns: 2010, Time: 00:11:01

Health: -3/29      AC:  2    Str: 14    XL:     5   Next: 9%
Magic:  0/9        EV: 13    Int: 13    God:
Gold:   79         SH:  0    Dex: 14    Spells: 2/8 levels left

rFire    . . .     SeeInvis .   a - +1 shortbow
rCold    + . .     Gourm    .   (shield currently unavailable)
rNeg     + . .     Faith    .   u - +0 robe {rC+}
rPois    .         Spirit   .   (no helmet)
rElec    .         Reflect  .   (no cloak)
rCorr    .         Harm     .   (no gloves)
MR       +....                  (no boots)
Stlth    +.........             (no amulet)
HPRegen  0.49/turn              k - ring of protection from magic
MPRegen  0.11/turn              l - ring of positive energy

@: lethally poisoned (-3 -> -5)
A: fangs 2, regeneration 1, no potion heal 3, rot immunity, strong jaws
a: no special abilities


You were on level 4 of the Dungeon.
You were not hungry.

You visited 1 branch of the dungeon, and saw 4 of its levels.

You collected 79 gold pieces.

Inventory:

Hand Weapons
 a - a +1 shortbow (weapon)
 b - a +0 dagger
Missiles
 f - 131 arrows (quivered)
Armour
 c - a +0 robe
 q - a +1 chain mail
 u - a +0 robe of cold resistance (worn)
 v - a +0 leather armour
Jewellery
 k - a ring of protection from magic (left hand)
 l - a ring of positive energy (right hand)
Scrolls
 d - 2 scrolls of teleportation
 h - a scroll of fear {unknown}
 i - 2 scrolls of identify
 m - 2 scrolls of amnesia
 n - a scroll of immolation {unknown}
 p - a scroll of blinking {unknown}
 s - a scroll of remove curse {unknown}
Potions
 g - a potion of flight {unknown}
 j - a potion of curing
 o - a potion of heal wounds {unknown}
 r - a potion of lignification {unknown}
 t - a potion of invisibility {unknown}
 w - a potion of agility {unknown}
Comestibles
 e - a ration {!d}


   Skills:
 + Level 1.4 Fighting
 * Level 3.6 Bows
 * Level 1.2 Armour
 + Level 2.3 Dodging
 + Level 0.4 Stealth
 - Level 2.2 Spellcasting
 + Level 3.2 Hexes


You had 2 spell levels left.
You knew the following spells:

 Your Spells              Type           Power        Failure   Level  Hunger
a - Corona                Hex            #......      7%          1    ##.....
b - Shackle               Hex            #.......     10%         2    ###....
c - False Image           Hex/Summ       #.......     36%         3    ####...

Your spell library contained the following spells:

 Spells                   Type           Power        Failure   Level  Hunger
 Inner Flame              Hex/Fire       N/A          36%         3    ####...
 Cause Fear               Hex            #.........   54%         4    #####..
 Yara's Violent Unravell  Hex/Tmut       #.........   77%         4    #####..


Dungeon Overview and Level Annotations

Branches:
Dungeon (4/12)
 Temple: D:4-7

Altars:


Innate Abilities, Weirdness & Mutations

You have extremely sharp teeth.
Your natural rate of healing is unusually fast.
Potions cannot restore your health.
You are immune to rotting.
Your bites deal extra damage.


Message History

You feel sick.
Casting: Shackle (safe; 10% risk of failure)
Confirm with . or Enter, or press ? or * to list all spells.
Aiming: Shackle (safe; 10% risk of failure)
Press: ? - help, Shift-Dir - straight line, f/p - worker ant
Aim: a worker ant (chance to defeat MR: 52%)
The worker ant resists with significant effort.
* * * LOW HITPOINT WARNING * * *
You feel sick.
* * * LOW HITPOINT WARNING * * *
You feel sick. The worker ant misses you.
Casting: Shackle (safe; 10% risk of failure)
Confirm with . or Enter, or press ? or * to list all spells.
Aiming: Shackle (safe; 10% risk of failure)
Press: ? - help, Shift-Dir - straight line, f/p - worker ant
Aim: a worker ant (chance to defeat MR: 52%)
The worker ant is shackled.
* * * LOW HITPOINT WARNING * * *
You feel sick. The worker ant bites you.
You die...

.............#
.............##
..............#
....[........
#........#
#......#
##..<...#
###.a####.#
#..@.# #...###
....... .....##
..... .... ...
...


You could see a worker ant (shackled).

Vanquished Creatures
  A hound (D:3)
  An iguana (D:2)
  An adder (D:3)
  3 dart slugs
  2 leopard geckos
  An orc (D:3)
  3 bats (D:2)
  2 giant cockroaches
  4 goblins
  6 hobgoblins
  5 jackals
  4 ball pythons
  5 frilled lizards
  5 kobolds
  8 rats
51 creatures vanquished.

Notes
Turn   | Place    | Note
-------+----------+-------------------------------------------
     0 | D:1      | BeastOfSaturn the Vine Stalker Arcane Marksman began the
                  | quest for the Orb.
     0 | D:1      | Reached XP level 1. HP: 11/11 MP: 4/4
   152 | D:1      | Reached XP level 2. HP: 16/16 MP: 6/6
   263 | D:1      | Reached skill level 1 in Fighting
   635 | D:2      | Reached XP level 3. HP: 19/20 MP: 7/7
   941 | D:2      | Reached XP level 4. HP: 23/25 MP: 8/8
  1257 | D:3      | Reached skill level 1 in Armour
  1283 | D:3      | Learned a level 2 spell: Shackle
  1287 | D:3      | Learned a level 3 spell: False Image
  1293 | D:3      | Found a faded altar of an unknown god.
  1685 | D:3      | Reached XP level 5. HP: 8/29 MP: 2/9
  2010 | D:4      | Slain by a worker ant

Skill      XL: |  1  2  3  4 |
---------------+-------------+-----
Bows           | 2 3 |  3.6
Fighting       | 1 |  1.4
Armour         | 1 |  1.2
Dodging        | |  2.3
Stealth        | |  0.4
Spellcasting   | |  2.2
Hexes          | |  3.2

Action                   |  1- 3 |  4- 6 || total
-------------------------+-------+-------++-------
 Fire: Shortbow          |   108 |    66 ||   174
 Cast: Shackle           |       |    29 ||    29
  Use: Scroll            |       |     4 ||     4
       Potion            |       |     1 ||     1
  Eat: Ration            |       |     2 ||     2
Armor: Robe              |    10 |    12 ||    22
       Chain mail        |    15 |     3 ||    18
Dodge: Dodged            |    61 |    66 ||   127
